AoeStats
← Křovák

Arena

505825039Analyzed
1v1 RM · 22d ago on Sep 11, 2026· 45m 33s· 2 players
Game mode
Random Map
Map size
Tiny (2 player)
Population
200
Speed
Normal
Resources
Standard
Victory
Conquest
Starting age
Dark Age
Ending age
Imperial Age
RankedLock teamsTeams togetherTeam positionsShared explorationLock speedFull tech treeHidden civsTurbo modeCheats
Victory
Defeat
🇨🇿 Teutons · Czechia
772
+17
🇩🇪 Portuguese · Germany
789
-17
Křovák
9:47 Loom
11:33 Feudal Age
14:32 Double-Bit Axe
16:49 Castle Age
14:33 Horse Collar
20:39 Fletching
29:05 Bow Saw
32:28 Heavy Plow
38:36 Imperial Age
36:35 Bodkin Arrow
44:14 Two-Man Saw
43:46 Scale Mail Armor
43:56 Forging
45:52 Town Watch
46:43 Wheelbarrow
Vergöllst!
10:03 Feudal Age
14:21 Castle Age
12:29 Stone Mining
20:14 Double-Bit Axe
Connection lost

Rejoining the realm…

Still unreachable

The connection could not be restored.

Session expired

The server has moved on; the page needs a fresh start.